 Dungeon Crawl Stone Soup version 0.17-a0-1850-g688e747 (webtiles) character file.

532 Ijustatesigmund the Slinger (level 7, 0/44 HPs)
             Began as a Halfling Hunter on Sept 19, 2015.
             Slain by a giant newt (2 damage)
             ... on level 5 of the Dungeon.
             The game lasted 00:11:44 (3032 turns).

Ijustatesigmund the Slinger (Halfling Hunter)       Turns: 3032, Time: 00:11:45

Health: 0/44       AC:  9    Str: 12    XL:     7   Next: 49%
Magic:  7/7        EV: 13    Int: 10    God:
Gold:   86         SH:  0    Dex: 17    Spells: 0 memorised, 6 levels left

rFire  . . .     SeeInvis .     d - +1 short sword (curse)
rCold  . . .     Clarity  .     b - +4 ring mail
rNeg   . . .     SustAt   .     (shield restricted)
rPois  .         Gourm    .     (no helmet)
rElec  .         Spirit   .     (no cloak)
rCorr  .         Warding  .     (no gloves)
rMut   .         Stasis   .     (no boots)
MR     .....                    (no amulet)
Stlth  +.........               (no ring)
                                (no ring)

@: not resistant to hostile enchantments, very unstealthy
A: mutation resistance 1
a: no special abilities


You were on level 5 of the Dungeon.
You were not hungry.

You visited 1 branch of the dungeon, and saw 6 of its levels.

You collected 86 gold pieces.

Inventory:

Hand weapons
 a - a +3 hunting sling
 c - a +0 short sword
 d - a cursed +1 short sword (weapon)
Missiles
 g - 40 stones (quivered)
 k - 7 steel sling bullets
Armour
 b - a +4 ring mail (worn)
Scrolls
 h - a scroll of identify
 j - 2 scrolls of noise
Potions
 f - a potion of lignification
 i - 2 potions of flight
 m - 2 potions of cancellation
Comestibles
 e - 3 bread rations


   Skills:
 - Level 1.7 Fighting
 + Level 11.8 Slings
 - Level 2.1 Dodging
 - Level 1.1 Stealth


You had 6 spell levels left.
You didn't know any spells.

Dungeon Overview and Level Annotations

Branches:
Dungeon (6/15)
 Temple: D:4-7

Altars:
Kikubaaqudgha
Trog

Annotations:
D:2 Sigmund
D:3 Grinder
D:4 Dowan, Duvessa


Innate Abilities, Weirdness & Mutations

You are small and have problems with some larger weapons.
You are somewhat resistant to further mutation.


Message History

The orc hits you but does no damage. The shadow imp hits you.
* * * LOW HITPOINT WARNING * * *
The giant newt misses you.
You barely miss the orc.
The orc is almost dead.
The orc hits you but does no damage. The shadow imp barely misses you.
The giant newt barely misses you.
You hit the orc.
You kill the orc!
The shadow imp hits you but does no damage.
The giant newt closely misses you.
The giant cockroach bites you but does no damage.
Drink which item? (? for menu, Esc to quit)
Okay, then.
The giant newt closely misses you.
Found an embroidered robe.
Things that are here:
a dagger; a chain mail The giant newt bites you.
You die...

...$. .. ...... ##
## ..# .......##..
.##..## ..........$
....... #........
.......
#......#####...._..
#......).l......[.
#...)..)5s@.?.....
.
##....#####.....#.
.# ##...## ..$....
.. #...## .......
..#####.o.# .......
#....#....#####
...###.
#....o.......# .(##
#............. .##
#.....<#######


You could see a shadow imp, a giant cockroach and a giant newt.

Vanquished Creatures
  An ogre (D:5)
  A wight (D:6)
  A crimson imp (D:5)
  An orc wizard (D:6)
  3 orc priests
  Ijyb (D:3)
  A giant frog skeleton (D:4)
  Jessica (D:3)
  2 worker ants
  2 adders
  A shadow imp (D:6)
  3 giant geckos
  9 orcs
  4 bats
  3 giant cockroaches
  14 goblins
  4 hobgoblins
  8 jackals
  7 kobolds
  A quokka (D:6)
  6 giant newts
  7 rats
81 creatures vanquished.

Notes
Turn   | Place    | Note
--------------------------------------------------------------
     0 | D:1      | Ijustatesigmund the Halfling Hunter began the quest for the Orb.
     0 | D:1      | Reached XP level 1. HP: 14/14 MP: 1/1
    44 | D:1      | Reached skill level 6 in Slings
    68 | D:1      | Reached XP level 2. HP: 19/19 MP: 2/2
   328 | D:1      | Reached skill level 7 in Slings
   328 | D:1      | Reached XP level 3. HP: 24/24 MP: 3/3
  1130 | D:2      | Reached XP level 4. HP: 29/29 MP: 4/4
  1149 | D:2      | Found an ancient bone altar of Kikubaaqudgha.
  1201 | D:2      | Noticed Sigmund
  1218 | D:3      | Noticed Ijyb
  1234 | D:3      | Killed Ijyb
  1234 | D:3      | Reached skill level 8 in Slings
  1332 | D:3      | Noticed Jessica
  1337 | D:3      | Killed Jessica
  1337 | D:3      | Reached XP level 5. HP: 17/34 MP: 5/5
  1560 | D:3      | Reached skill level 9 in Slings
  1572 | D:3      | Noticed Grinder
  1572 | D:3      | Paralysed by Grinder for 7 turns
  1854 | D:4      | Reached XP level 6. HP: 39/39 MP: 6/6
  1879 | D:4      | Reached skill level 10 in Slings
  2343 | D:4      | Noticed Duvessa
  2349 | D:4      | Noticed Dowan
  2381 | D:5      | Entered Level 5 of the Dungeon
  2771 | D:5      | Found a bloodstained altar of Trog.
  2796 | D:6      | Reached skill level 11 in Slings
  2796 | D:6      | Reached XP level 7. HP: 44/44 MP: 7/7
  2975 | D:6      | Noticed a two-headed ogre
  3028 | D:5      | HP: 2/44 [shadow imp (3)]
  3032 | D:5      | Slain by a giant newt

Vault maps used:
D:1:      lightli_arrival_noodles, serial_bayou_lagoon_a
D:2:      overflow_temple_1_default, kiku_gazebo_garden_becter, st_stairs_8,
          kennysheep_generic_room_7, uniq_sigmund
D:3:      xom_redecorated, hangedman_decor_growths, minmay_goblin_outpost,
          uniq_grinder, uniq_terence, uniq_jessica, uniq_iyjb
D:4:      first_bread, grunt_ministairs_14, uniq_duvessa
D:5:      minmay_temple_entry_large_hall, basic_altar, grunt_dithmenos_shadows
D:6:      lemuel_crystal_altar

Action                   |  1- 3 |  4- 6 |  7- 9 || total
-------------------------+-------+-------+-------++-------
Melee: Short sword       |       |       |    37 ||    37
 Fire: Hunting sling     |   113 |   134 |    39 ||   286
  Use: Potion            |       |     5 |       ||     5
       Scroll            |       |    12 |     1 ||    13
  Eat: Chunk             |       |     4 |       ||     4
       Bread ration      |       |     1 |       ||     1
